 Dungeon Crawl Stone Soup version 0.17.1-3-g152610e (webtiles) character file.

359 kaze the Ruffian (level 6, -2/61 HPs)
             Began as a Troll Berserker on Feb 29, 2016.
             Was a Priest of Trog.
             Slain by a gnoll
             ... wielding a +0 halberd
              (9 damage)
             ... on level 4 of the Dungeon.
             The game lasted 00:11:19 (2669 turns).

kaze the Ruffian (Troll Berserker)                  Turns: 2669, Time: 00:11:20

Health: -2/61      AC:  6    Str: 28    XL:     6   Next: 37%
Magic:  5/5        EV: 11    Int:  1    God:    Trog [***...]
Gold:   202        SH:  0    Dex:  9    Spells: 0 memorised, 5 levels left

rFire  . . .     SeeInvis .     i - +2 rapier (venom)
rCold  . . .     Clarity  .     a - +1 animal skin
rNeg   . . .     SustAt   .     (no shield)
rPois  .         Gourm    +     (helmet restricted)
rElec  .         Spirit   .     (no cloak)
rCorr  .         Warding  .     (gloves unavailable)
rMut   .         Stasis   .     (boots unavailable)
MR     .....                    (no amulet)
Stlth  +.........               (no ring)
                                h - -2 ring of intelligence (curse)

@: exhausted, slowed, very slow, not resistant to hostile enchantments, very
unstealthy
A: unfitting armour, claws 3, fast metabolism 3, gourmand, regeneration 2,
shaggy fur 1, tough skin 2
a: Berserk, Trog's Hand, Burn Spellbooks, Renounce Religion


You were on level 4 of the Dungeon.
You worshipped Trog.
Trog was most pleased with you.
You were very full.

You visited 1 branch of the dungeon, and saw 4 of its levels.

You collected 202 gold pieces.

Inventory:

Hand Weapons
 e - a +5 morningstar of holy wrath
 i - a +2 rapier of venom (weapon)
Armour
 a - a +1 animal skin (worn)
Jewellery
 h - a cursed -2 ring of intelligence (left claw)
Wands
 l - a wand of cold (8)
Scrolls
 g - a scroll of fear
 k - a scroll of identify
 n - a scroll of teleportation
Potions
 c - 2 potions of agility {unknown}
 d - a potion of invisibility {unknown}
Comestibles
 b - 3 bread rations
 f - 3 chunks of flesh
 j - 2 meat rations


   Skills:
 + Level 3.5 Fighting
 + Level 0.1 Short Blades
 + Level 4.5 Dodging
 - Level 0.2 Stealth
 + Level 4.5 Unarmed Combat


You had 5 spell levels left.
You didn't know any spells.

Dungeon Overview and Level Annotations

Branches:
Dungeon (4/15)
 Temple: D:4-7

Altars:
Dithmenos
Okawaru
Xom


Innate Abilities, Weirdness & Mutations

You are too large for most types of armour.
You have claws for hands.
Your metabolism is lightning-fast.
You like to eat raw meat.
You heal very quickly.
You are covered in fur (AC +1).
You have very tough skin (AC +2).


Message History

The orc wizard gestures wildly while chanting.
The orc wizard blinks!
Your skin stops crawling.
You feel less resistant to hostile enchantments.
The orc wizard mumbles some strange words.
The orc wizard blinks!
The orc completely misses you. The gnoll hits you with a halberd!
* * * LOW HITPOINT WARNING * * *
The orc wizard gestures at you while chanting.
The magic dart hits you!
* * * LOW HITPOINT WARNING * * *
The gnoll closely misses you. The orc hits you.
* * * LOW HITPOINT WARNING * * *
The orc hits you but does no damage.
Things that are here:
a mace; a scale mail; an orc corpse You hit the gnoll.
The gnoll is poisoned.
The gnoll is lightly wounded.
The gnoll hits you with a halberd!
You die...

#......###
#..####<..## .... #.
###..# ..... ..
#.##....# ?.
###....$§. #.
..$....### # (
.o.#....# ..#
##)g...... #
....###o@# ..
......Zo##########.##
.......g............##
.......((..÷....o....o
..####(.....#....)#...
. #......#######
#......# #......#
#.?....#


You could see an orc wizard, 2 gnolls, 2 orcs and a jackal skeleton.

Vanquished Creatures
  Sigmund (D:2)
  An iguana (D:4)
  A worker ant (D:4)
  A gnoll (D:4)
  6 adders
  An ooze (D:2)
  3 worms
  9 orcs
  A ball python (D:1)
  8 bats
  2 giant cockroaches
  10 hobgoblins
  3 jackals (D:1)
  2 quokkas
  5 giant newts
  3 goblins
  8 kobolds
  6 rats
71 creatures vanquished.

Vanquished Creatures (others)
  5 sheep (D:3)
  A giant newt (D:3)
6 creatures vanquished.

Grand Total: 77 creatures vanquished

Notes
Turn   | Place    | Note
--------------------------------------------------------------
     0 | D:1      | kaze the Troll Berserker began the quest for the Orb.
     0 | D:1      | Reached XP level 1. HP: 22/22 MP: 0/0
   144 | D:1      | Reached XP level 2. HP: 29/29 MP: 1/1
   354 | D:1      | Reached ** piety under Trog
   825 | D:2      | Reached XP level 3. HP: 36/36 MP: 2/2
   829 | D:2      | Noticed Sigmund
   856 | D:2      | Killed Sigmund
   856 | D:2      | Reached skill level 4 in Unarmed Combat
   856 | D:2      | Reached XP level 4. HP: 6/45 MP: 3/3
   856 | D:2      | Reached XP level 5. HP: 7/53 MP: 4/4
  1133 | D:2      | Found an iron altar of Okawaru.
  1845 | D:3      | Found a shimmering altar of Xom.
  1873 | D:3      | Reached XP level 6. HP: 51/61 MP: 5/5
  2047 | D:3      | Reached *** piety under Trog
  2569 | D:3      | Found a shadowy altar of Dithmenos.
  2669 | D:4      | Slain by a gnoll

Action                   |  1- 3 |  4- 6 || total
-------------------------+-------+-------++-------
Melee: Unarmed           |    71 |    56 ||   127
       Rapier            |       |    68 ||    68
       Morningstar       |       |     4 ||     4
Invok: Berserk           |     1 |     2 ||     3
       Trog's Hand       |       |     2 ||     2
  Use: Scroll            |       |     4 ||     4
  Eat: Chunk             |     4 |    23 ||    27
       Bread ration      |     1 |       ||     1
